 Dungeon Crawl Stone Soup version 0.30.1-11-g7821555f0a (console) character file.

Game seed: 895957435717193713

105 JoeltCo the Shooter (level 4, -6/27 HPs)
             Began as a Deep Elf Hunter on Jan 6, 2024.
             Mangled by a worm (9 damage)
             ... on level 3 of the Dungeon.
             The game lasted 00:01:33 (1907 turns).

JoeltCo the Shooter (Deep Elf Hunter)               Turns: 1907, Time: 00:01:34

Health: -6/27      AC:  3    Str:  8    XL:     4   Next: 53%
Magic:  6/6        EV: 12    Int: 16    God:
Gold:   99         SH:  0    Dex: 18    Spells: 3/3 levels left

rFire   . . .        a - +0 shortbow
rCold   . . .        (shield currently unavailable)
rNeg    . . .        c - +0 leather armour
rPois   +            (no helmet)
rElec   .            (no cloak)
rCorr   .            (no gloves)
SInv    .            (no boots)
Will    .....        (no amulet)
Stlth   ++           e - ring of poison resistance
HPRegen 0.24/turn    (no ring)
MPRegen 0.10/turn

%: no passive effects
@: no status effects
A: no striking features
a: no special abilities


You were on level 3 of the Dungeon.
You visited 1 branch of the dungeon, and saw 3 of its levels.

You collected 99 gold pieces.

Inventory:

Hand Weapons
 a - a +0 shortbow (weapon)
 i - a +2 dagger of venom
Armour
 c - a +0 leather armour (worn)
Jewellery
 e - a ring of poison resistance (left hand)
Scrolls
 b - 2 scrolls of immolation
 d - 2 scrolls of blinking
 h - a scroll of butterflies {unknown}
Potions
 f - a potion of haste {unknown}
 g - 2 potions of mutation {unknown}


   Skills:
 + Level 2.4 Fighting
 + Level 7.1 Ranged Weapons
 + Level 0.2 Armour
 + Level 2.6 Dodging
 + Level 1.6 Stealth


You had 3 spell levels left.
You didn't know any spells.
Your spell library contained the following spells:

 Spells                   Type           Power      Damage    Failure   Level
 Ensorcelled Hibernation  Hex/Ice        0%         N/A       47%         2
 Spider Form              Tmut/Pois      0%         N/A       71%         3
 Anguish                  Hex/Necr       0%         N/A       98%         4


Dungeon Overview and Level Annotations

Branches:
Dungeon (3/15)

Altars:
Ru


Message History

The orc hits you with a +0 hand axe.
There are monsters nearby!
You shoot an arrow.
The arrow hits the orc but does no damage.
The orc is heavily wounded.
The orc hits you with a +0 dagger. The orc hits you with a +0 hand axe.
There are monsters nearby!
You are too injured to fight recklessly!
There are monsters nearby!
You are too injured to fight recklessly!
There are monsters nearby!
You are too injured to fight recklessly!
You shoot an arrow. The arrow completely misses the orc.
The arrow hits the orc but does no damage.
The orc is moderately wounded.
The orc closely misses you.
You shoot an arrow. The arrow hits the orc!
You kill the orc!
The orc misses you.
You shoot an arrow. The arrow hits the orc.
The orc is severely wounded.
The orc hits you with a +0 hand axe.
* * * LOW HITPOINT WARNING * * *
You shoot an arrow. The arrow hits the orc!
You kill the orc!
The orc throws a boomerang.
The boomerang barely misses you. The orc barely misses you.
Items here: )) ? [[ ††.
You shoot an arrow. The arrow closely misses the orc.
The orc barely misses you. The worm bites you but does no damage.
You shoot an arrow. The arrow hits the orc!
You kill the orc!
The worm misses you.
Things that are here:
a +0 whip; a boomerang; a +1 ring mail of poison resistance The worm bites you!
* * * LOW HITPOINT WARNING * * *
The worm closely misses you. The worm bites you!
You die...

....##.##.####.###..#.#.#.....#
.#####.##.##
##.#.#...#.##.....# .# #.....#
##........###....# .# ####..#
####.....# #....# ## ##..#####
#...#.#........ # #.......#
#.....<........ # #...###.#
#..####.. ... #
......#.####..###### #
.........@).(....... #
..>.......w##.####... #
#...#.....##.# # # #
#....>.......# ####.###
###..!..#### ....... #.....#
....... ...#.### ...#.## .#.#.#
##.#.


You could see a worm.

Vanquished Creatures
  Terence (D:2)
  3 adders
  A worm (D:2)
  A dart slug (D:3)
  5 orcs (D:3)
  2 ball pythons (D:1)
  An endoplasm (D:1)
  2 giant cockroaches
  3 goblins (D:1)
  5 hobgoblins
  3 jackals (D:2)
  7 kobolds
  2 bats
  3 frilled lizards (D:1)
  4 rats
43 creatures vanquished.

Notes
Turn   | Place    | Note
-------+----------+-------------------------------------------
     0 | D:1      | JoeltCo the Deep Elf Hunter began the quest for the Orb.
     0 | D:1      | Reached XP level 1. HP: 12/12 MP: 3/3
   127 | D:1      | Reached XP level 2. HP: 17/17 MP: 4/4
   301 | D:1      | Reached skill level 6 in Ranged Weapons
   754 | D:2      | Noticed Terence
   762 | D:2      | Killed Terence
   763 | D:2      | Reached XP level 3. HP: 12/21 MP: 5/5
  1399 | D:2      | Reached XP level 4. HP: 15/26 MP: 6/6
  1746 | D:3      | Found a sacrificial altar of Ru.
  1783 | D:3      | Reached skill level 7 in Ranged Weapons
  1907 | D:3      | Mangled by a worm

Illustrated notes

Levels and vault maps discovered:
D:1:      dpeg_arrival_tiny_k, layout_basic, kennysheep_pointless_box,
          minivault_5, minmay_close_crescents
D:2:      layout_basic, grunt_decor_one_mirror, uniq_terence
D:3:      layout_loops_ring, mainiacjoe_overflow_boulevard

Skill      XL: |  1  2  3  4 |
---------------+-------------+-----
Ranged Weapons | 6 7 |  7.1
Fighting       | 2 |  2.4
Armour         | |  0.2
Dodging        | |  2.6
Stealth        | |  1.6

Action                     |  1- 3 |  4- 6 || total
---------------------------+-------+-------++-------
   Fire: Shortbow          |    67 |    43 ||   110
    Use: Scroll            |       |     3 ||     3
 Armour: Leather armour    |     1 |     3 ||     4
  Dodge: Dodged            |    10 |    14 ||    24
